 Dungeon Crawl Stone Soup version 0.29-a0-338-g1ff7896281 (webtiles) character file.

Game seed: 8007507340448975838

1 Disco123 the Shooter (level 1, -1/18 HPs)
             Began as a Minotaur Hunter on Apr 18, 2022.
             Slain by a jackal (3 damage)
             ... on level 1 of the Dungeon.
             The game lasted 00:01:12 (225 turns).

Disco123 the Shooter (Minotaur Hunter)               Turns: 225, Time: 00:01:13

Health: -1/18      AC:  3    Str: 15    XL:     1   Next: 16%
Magic:  0/0        EV: 12    Int:  6    God:
Gold:   0          SH:  0    Dex: 13    Spells: 0/0 levels left

rFire   . . .      SeeInvis .   a - +1 shortbow
rCold   . . .      Faith    .   (shield currently unavailable)
rNeg    . . .      Spirit   .   b - +0 leather armour
rPois   .          Reflect  .   (helmet restricted)
rElec   .          Harm     .   (no cloak)
rCorr   .          Rampage  .   (no gloves)
Will    .....                   (no boots)
Stlth   +.........              (no amulet)
HPRegen 0.06/turn               (no ring)
MPRegen 0.07/turn               (no ring)

@: no status effects
A: horns 2, retaliatory headbutt
a: no special abilities


You were on level 1 of the Dungeon.
You visited 1 branch of the dungeon, and saw 1 of its levels.

Inventory:

Hand Weapons
 a - a +1 shortbow (weapon)
Missiles
 d - 2 poisoned darts
Armour
 b - a +0 leather armour (worn)
Jewellery
 g - a +6 ring of strength
Scrolls
 c - a scroll of immolation
 e - a scroll of torment {unknown}
 h - a scroll of teleportation {unknown}
Potions
 f - a potion of mutation {unknown}


   Skills:
 + Level 2.4 Fighting
 + Level 4.3 Bows
 + Level 2.1 Dodging
 + Level 1.0 Stealth


You couldn't memorise any spells.
You didn't know any spells.
Your spell library was empty.

Dungeon Overview and Level Annotations

Branches:
Dungeon (1/15)

Altars:


Innate Abilities, Weirdness & Mutations

You have a pair of horns on your head.
You reflexively headbutt those who attack you in melee.


Message History

You clumsily bash the ball python but do no damage.
The ball python closely misses you. You furiously retaliate!
You headbutt the ball python.
You kill the ball python!
Your Stealth skill increases to level 1!
You see here a ball python corpse.
g - a +6 ring of strength
There are no items here.
Found a scroll labelled IRINGO SUPNOMO. 2 jackals come into view.
The jackal barks! x2
A jackal comes into view.
The jackal barks!
The jackal bites you.
The jackal bites you but does no damage.
You see here a scroll labelled IRINGO SUPNOMO.
h - a scroll labelled IRINGO SUPNOMO The jackal barely misses you.
The jackal bites you.
The jackal bites you but does no damage.
The jackal attacks as you move away! The jackal bites you.
A jackal comes into view.
The jackal barks!
The jackal bites you.
* * * LOW HITPOINT WARNING * * *
You clumsily bash the jackal but do no damage.
The jackal barely misses you. x2; You furiously retaliate!
You headbutt the jackal. You closely miss the jackal.
The jackal is moderately wounded.
The jackal closely misses you. The jackal bites you.
* * * LOW HITPOINT WARNING * * *
You clumsily bash the jackal but do no damage.
The jackal is moderately wounded.
The jackal bites you.
* * * LOW HITPOINT WARNING * * *
The jackal bites you but does no damage.
You clumsily bash the jackal but do no damage.
The jackal is moderately wounded.
The jackal bites you.
You die...

### ..# #.# #
#.#
#..###.######
#.....hhhh@.#
##.###.####.#
#.# #.# ###.#
#.# #...# #.#
#.### #.# #.#
#.# #.# #.#
##.## #.#


You could see 4 jackals.

Vanquished Creatures
  A ball python (D:1)
1 creature vanquished.

Notes
Turn   | Place    | Note
-------+----------+-------------------------------------------
     0 | D:1      | Disco123 the Minotaur Hunter began the quest for the Orb.
     0 | D:1      | Reached XP level 1. HP: 18/18 MP: 0/0
   200 | D:1      | Reached skill level 1 in Stealth
   225 | D:1      | Slain by a jackal

Illustrated notes

Levels and vault maps discovered:
D:1:      nzn_arrival_water_spiral, layout_loops_ring

Skill      XL: |  1 |
---------------+----+-----
Stealth        | 1 |  1.0
Fighting       | |  2.4
Bows           | |  4.3
Dodging        | |  2.1

Action                   || total
-------------------------++-------
Melee: Shortbow          ||    10
Armor: Leather armour    ||     6
Dodge: Dodged            ||    11

Table legend: (Time is in decaauts)
 A = Elapsed time spent in this place.
 B = Non-inter-level travel time spent in this place.
 C = Inter-level travel time spent in this place.
 D = Time resting spent in this place.
 E = Time spent auto-exploring this place.
 F = Levels seen in this place.
 G = Mean time per level.
                   A        B        C        D        E       F      G
               +--------+--------+--------+--------+--------+-----+--------+
         Total |    227 |    227 |      0 |    100 |      0 |   1 |  227.0 |
       Dungeon |    227 |    227 |      0 |    100 |      0 |   1 |  227.0 |
               +--------+--------+--------+--------+--------+-----+--------+

Top non-repeatable levels by time:
     D:1: 227 daAuts
